 Dungeon Crawl Stone Soup version 0.31-a0-521-gc7390f8997 (webtiles) character file.

Game seed: 4701934635490745024

1682 Shayle the Trooper (level 9, -1/139 HPs)
             Began as an Ogre Shapeshifter on Aug 10, 2023.
             Slain by a +5 spectral quarterstaff (5 damage)
             ... created by Joseph
             ... on level 7 of the Dungeon.
             The game lasted 00:10:17 (5860 turns).

Shayle the Trooper (Ogre Shapeshifter)              Turns: 5860, Time: 00:10:17

Health: -1/139     AC: 24    Str: 27    XL:     9   Next: 2%
Magic:  9/9        EV:  1    Int: 13    God:
Gold:   320        SH:  0    Dex:  9    Spells: 8/8 levels left

rFire   . . .        w - +4 flail (protect)
rCold   . . .        (no shield)
rNeg    . . .        a - melded +0 animal skin
rPois   +            (helmet currently unavailable)
rElec   .            (cloak currently unavailable)
rCorr   .            (gloves unavailable)
SInv    .            (boots unavailable)
Will    .....        (no amulet)
Stlth   +            o - +6 ring of strength
HPRegen 0.43/turn    (no ring)
MPRegen 0.11/turn

%: no passive effects
@: brilliant, tree-form, invisible
A: stationary, stasis, torment immunity, boosted hp, large, unfitting armour,
(tough skin 1)
a: no special abilities


You were on level 7 of the Dungeon.
You were a tree.
You visited 1 branch of the dungeon, and saw 7 of its levels.

You collected 320 gold pieces.

Inventory:

Hand Weapons
 p - a +3 hand axe
 q - the +8 whip of Weripuit {venom, Drain rF+++ Dex+3 SInv}
   (You found it on level 3 of the Dungeon)

   Dex+3:     It affects your dexterity (+3).
   rF+++:     It renders you almost immune to fire.
   SInv:      It lets you see invisible.
   Drain:     It drains your maximum health when unequipped.
 w - a +4 flail of protection (weapon)
 y - a +4 quarterstaff
Armour
 a - a +0 animal skin (melded)
 g - a +1 hat
 m - the +2 cloak "Nejon" {-Cast rN+ Str+6}
   (You found it on level 4 of the Dungeon)

   Str+6:     It affects your strength (+6).
   rN+:       It protects you from negative energy.
   -Cast:     It prevents spellcasting.
Jewellery
 o - a +6 ring of strength (left branch)
 s - a +6 ring of strength
Talismans
 c - a beast talisman
 d - a flux talisman
Wands
 v - a wand of flame (8)
Scrolls
 f - 3 scrolls of fear
 r - 2 scrolls of teleportation
 z - a scroll of fog
Potions
 b - 2 potions of lignification
 e - a potion of magic {unknown}
 j - a potion of enlightenment
 l - 3 potions of attraction
 n - a potion of might
 u - a potion of ambrosia {unknown}
 x - a potion of cancellation {unknown}


   Skills:
 + Level 7.3 Fighting
 + Level 5.3 Dodging
 + Level 5.7 Unarmed Combat
 + Level 5.5 Shapeshifting


You had 8 spell levels left.
You didn't know any spells.
Your spell library contained the following spells:

 Spells                   Type           Power      Damage    Failure   Level
 Sublimation of Blood     Necr           0%         N/A       43%         2
 Petrify                  Tmut/Erth      0%         N/A       97%         4
 Irradiate                Conj/Tmut      0%         3d11      100%        5


Dungeon Overview and Level Annotations

Branches:
Dungeon (7/15)
 Temple: D:4-7

Altars:
Elyvilon

Shops:
D:1 :?==   D:5 *

Annotations:
D:5 2 transporters, Fractals's ghost, novice DsSh
D:7 Joseph


Innate Abilities, Weirdness & Mutations

You are a tree.
Your roots penetrate the ground, keeping you stationary.
You cannot be teleported.
You are immune to unholy pain and torment.
Your maximum health is greatly increased.
Your equipment is partially melded.
You are too large for most types of armour.
((You have tough skin. (AC +1)))


Message History

* * * LOW HITPOINT WARNING * * *
The +5 spectral quarterstaff closely misses you.
A +5 spectral quarterstaff comes into view.
You feel better.
The +5 spectral quarterstaff moves out of view.
Your transformation has ended.
You turn into a tree.
Your +0 animal skin melds into your body.
Your roots penetrate the ground.
Joseph hits you with a +5 spectral quarterstaff.
The +5 spectral quarterstaff hits you but does no damage.
Unknown command.
You sock Joseph!
Your weapon exudes an aura of protection.
Joseph is lightly wounded.
Joseph hits you with a +5 spectral quarterstaff!
* * * LOW HITPOINT WARNING * * *
The +5 spectral quarterstaff hits you.
* * * LOW HITPOINT WARNING * * *
Joseph hits you but does no damage.
The +5 spectral quarterstaff hits you but does no damage.
You closely miss Joseph.
Joseph is lightly wounded.
The +5 spectral quarterstaff hits you!
* * * LOW HITPOINT WARNING * * *
The +5 spectral quarterstaff hits you!
* * * LOW HITPOINT WARNING * * *
Joseph barely misses you. The +5 spectral quarterstaff hits you!
* * * LOW HITPOINT WARNING * * *
You feel better.
The +5 spectral quarterstaff hits you but does no damage.
Joseph hits you with a +5 spectral quarterstaff!
* * * LOW HITPOINT WARNING * * *
The +5 spectral quarterstaff hits you but does no damage.
The +5 spectral quarterstaff hits you.
* * * LOW HITPOINT WARNING * * *
It was a potion of brilliance.
You feel clever all of a sudden. The +5 spectral quarterstaff hits you.
You die...

#.#.#.....#.# .
#......#..#.# ..
#...........##...
........<........
#......#.........
#.#.##.#.......#
# #.##.#.#.... #.
#.#.#.... #.
#♣....... #.
#(@.#.... #.
.........
##........
#........
#........
.........
#.#.##.#.


You could see Joseph (unable to see you) and a +5 spectral quarterstaff.

Vanquished Creatures
  A steam dragon (D:6)
  Edmund (D:5)
  2 water moccasins
  2 black bears
  3 ice beasts (D:6)
  An ogre (D:6)
  A phantom (D:6)
  2 bullfrogs
  A howler monkey (D:6)
  3 hounds
  An orc priest (D:4)
  A scorpion zombie (D:3)
  A sleepcap (D:6)
  Natasha (thrice) (D:3)
  2 orc wizards (D:4)
  An iguana (D:4)
  A hound zombie (D:3)
  A hound skeleton (D:3)
  4 adders
  A white imp (D:5)
  A worm (D:4)
  A dart slug (D:4)
  10 orcs
  10 ball pythons
  10 endoplasms
  2 giant cockroaches
  4 goblins
  9 hobgoblins
  7 jackals
  10 kobolds
  5 quokkas
  6 bats
  4 frilled lizards
  A jackal zombie (D:3)
  3 rats
116 creatures vanquished.

Notes
Turn   | Place    | Note
-------+----------+-------------------------------------------
     0 | D:1      | Shayle the Ogre Shapeshifter began the quest for the Orb.
     0 | D:1      | Reached XP level 1. HP: 19/19 MP: 1/1
   122 | D:1      | Reached XP level 2. HP: 11/28 MP: 2/2
   193 | D:1      | Noticed a walking earthen tome
   217 | D:1      | Reached skill level 2 in Fighting
   227 | D:1      | Found Nucamaz's Book Emporium.
   227 | D:1      | Noticed a walking frostbound tome
   332 | D:1      | Found Wutsempisi's Magic Scroll Shop.
   388 | D:1      | Reached XP level 3. HP: 34/35 MP: 3/3
   410 | D:1      | Found Roq Qimahum's Jewellery Shoppe.
   697 | D:1      | Found Ywoudd's Jewellery Shop.
  1183 | D:2      | Reached XP level 4. HP: 26/44 MP: 4/4
  1478 | D:2      | Found a faded altar of an unknown god.
  1714 | D:3      | Noticed Natasha
  1723 | D:3      | Killed Natasha
  1724 | D:3      | Reached skill level 3 in Fighting
  1848 | D:3      | Noticed Natasha
  1905 | D:3      | Killed Natasha
  1906 | D:3      | Reached XP level 5. HP: 53/53 MP: 5/5
  2020 | D:3      | Identified the +8 whip of Weripuit {venom, Drain rF+++
                  | Dex+3 SInv}
  2318 | D:3      | You fall into a shaft and drop 2 floors!
  2318 | D:5      | Entered Level 5 of the Dungeon
  2341 | D:5      | Noticed a water moccasin
  2346 | D:5      | Killed a water moccasin
  2347 | D:5      | Reached skill level 4 in Fighting
  2347 | D:5      | Reached XP level 6. HP: 62/62 MP: 6/6
  2443 | D:5      | Found Nuudis's Mass Market.
  2604 | D:3      | Noticed Natasha
  2608 | D:3      | Killed Natasha
  2987 | D:4      | Identified the +2 cloak "Nejon" {-Cast rN+ Str+6}
  3648 | D:4      | Reached XP level 7. HP: 30/71 MP: 7/7
  3924 | D:5      | Noticed Edmund
  4022 | D:5      | Reached skill level 5 in Fighting
  4025 | D:5      | Found a transporter.
  4033 | D:5      | Noticed Fractals's ghost (novice DsSh)
  4108 | D:5      | Found a white marble altar of Elyvilon.
  4223 | D:5      | Found a transporter.
  4502 | D:5      | Killed Edmund
  4839 | D:6      | Reached XP level 8. HP: 59/83 MP: 8/8
  5065 | D:6      | Reached skill level 6 in Fighting
  5105 | D:6      | Reached skill level 5 in Unarmed Combat
  5105 | D:6      | Reached skill level 5 in Shapeshifting
  5158 | D:6      | Reached skill level 5 in Dodging
  5417 | D:6      | Reached skill level 7 in Fighting
  5833 | D:7      | Reached XP level 9. HP: 77/93 MP: 9/9
  5845 | D:7      | Noticed Joseph
  5859 | D:7      | HP: 5/139 [Joseph/+5 spectral quarterstaff (10)]
  5860 | D:7      | Slain by a +5 spectral quarterstaff

Illustrated notes

Levels and vault maps discovered:
D:1:      minmay_arrival_floating_metal, layout_rooms, serial_shops,
          nicolae_shop_mannequins, shop, nicolae_shop_advertising_works
          [nicolae_subvault_shop_adworks], shop
D:2:      layout_loops_ring, hellmonk_ecumenical_altar_dog_temple
D:3:      layout_loops_corners, serial_undead, serial_undead_b, serial_undead_e,
          serial_undead_f, serial_undead_b, grunt_ministairs_9, uniq_natasha
D:4:      layout_basic, kennysheep_nub
D:5:      layout_basic, nicolae_elyvilon_peaceful_grove, gammafunk_ghost_smash,
          nrook_mini_vaults, minmay_shop_mass, uniq_edmund
D:6:      layout_loops_cross, dreamdust_princess_bridge
D:7:      layout_basic, minmay_temple_entry_butterflies, enter_bailey_5,
          uniq_crazy_yiuf_cottage, uniq_joseph

Skill      XL: |  1  2  3  4  5  6  7  8 |
---------------+-------------------------+-----
Dodging        | 2 3 4 5 |  5.3
Fighting       | 2 3 4 5 7 |  7.3
Unarmed Combat | 3 4 5 |  5.7
Shapeshifting  | 4 5 |  5.5

Action                     |  1- 3 |  4- 6 |  7- 9 || total
---------------------------+-------+-------+-------++-------
  Melee: Unarmed           |   106 |   136 |    48 ||   290
         Punch             |     2 |     4 |     6 ||    12
         Flail             |       |       |    80 ||    80
    Use: Potion            |       |     1 |     7 ||     8
         Scroll            |       |     6 |     6 ||    12
 Armour: Animal skin       |    26 |    20 |    43 ||    89
         Skin              |       |     3 |     5 ||     8
  Dodge: Dodged            |    53 |    49 |    74 ||   176

Table legend: (Time is in decaauts)
 A = Elapsed time spent in this place.
 B = Non-inter-level travel time spent in this place.
 C = Inter-level travel time spent in this place.
 D = Time resting spent in this place.
 E = Time spent auto-exploring this place.
 F = Levels seen in this place.
 G = Mean time per level.
                   A        B        C        D        E       F      G
               +--------+--------+--------+--------+--------+-----+--------+
         Total |   5872 |   5724 |    148 |    775 |   3639 |   7 |  838.9 |
       Dungeon |   5872 |   5724 |    148 |    775 |   3639 |   7 |  838.9 |
               +--------+--------+--------+--------+--------+-----+--------+

Top non-repeatable levels by time:
     D:6: 1154 daAuts
     D:3: 1094 daAuts
     D:4: 998 daAuts
     D:5: 947 daAuts
     D:1: 864 daAuts
     D:2: 770 daAuts
     D:7: 42 daAuts
